 Dungeon Crawl Stone Soup version 0.26.1-11-gd32895ea62 (webtiles) character file.

Game seed: 8614160369330399969

376 eagelman13508 the Cudgeller (level 6, -1/88 HPs)
             Began as a Troll Berserker on June 15, 2021.
             Was a Priest of Trog.
             Slain by an ogre
             ... wielding a +0 giant spiked club
              (30 damage)
             ... on level 4 of the Dungeon.
             The game lasted 00:07:38 (2452 turns).

eagelman13508 the Cudgeller (Troll Berserker)       Turns: 2452, Time: 00:07:38

Health: -1/88      AC:  6    Str: 28    XL:     6   Next: 44%
Magic:  5/5        EV: 10    Int:  3    God:    Trog [***...]
Gold:   77         SH:  0    Dex:  9    Spells: 5/5 levels left

rFire    . . .     SeeInvis .   a - +0 mace
rCold    . . .     Faith    .   (no shield)
rNeg     . . .     Spirit   .   b - +0 animal skin
rPois    .         Reflect  .   (helmet restricted)
rElec    .         Harm     .   (no cloak)
rCorr    .         Rampage  .   (gloves unavailable)
Will     .....                  (boots unavailable)
Stlth    ..........             (no amulet)
HPRegen  0.64/turn              (no ring)
MPRegen  0.09/turn              (no ring)

@: berserking, very quick
A: large, unfitting armour, claws 3, regeneration 1, shaggy fur 1, tough skin 3
a: Renounce Religion, Berserk, Trog's Hand


You were on level 4 of the Dungeon.
You worshipped Trog.
Trog was most pleased with you.
You visited 1 branch of the dungeon, and saw 4 of its levels.

You collected 77 gold pieces.

Inventory:

Hand Weapons
 a - a +0 mace (weapon)
Missiles
 d - 3 boomerangs
 f - 120 stones
Armour
 b - a +0 animal skin (worn)
Wands
 h - a wand of flame (7)
Scrolls
 g - 2 scrolls of teleportation {unknown}
 j - 3 scrolls of identify {unknown}
 k - a scroll of remove curse {unknown}
Potions
 c - a potion of brilliance {unknown}
 e - a potion of cancellation {unknown}
 i - a potion of flight {unknown}
 l - a potion of curing {unknown}


   Skills:
 - Level 2.4 Fighting
 + Level 6.7 Maces & Flails
 - Level 2.4 Dodging


You had 5 spell levels left.
You didn't know any spells.
Your spell library was empty.

Dungeon Overview and Level Annotations

Branches:
Dungeon (4/15)
 Temple: D:4-7

Altars:


Innate Abilities, Weirdness & Mutations

You are too large for most types of armour.
You have claws for hands.
Your natural rate of healing is unusually fast.
You are covered in fur. (AC +1)
You have extremely tough skin. (AC +3)


Message History

The ogre barely misses you. The orc priest barely misses you.
A red film seems to cover your vision as you go berserk!
You feel yourself moving faster!
You feel mighty!
The ogre hits you with a +0 giant spiked club!!
The orc priest invokes the aid of Beogh against you.
Beogh smites you!
You are too injured to fight recklessly!
You are too injured to fight recklessly!
You are too injured to fight recklessly!
You are too injured to fight recklessly!
You are too injured to fight recklessly!
You are too injured to fight recklessly!
You are too injured to fight recklessly!
You are too injured to fight recklessly!
You closely miss the orc priest. The orc priest closely misses you.
You bludgeon the orc priest!!
You kill the orc priest!
Trog accepts your kill.
The ogre hits you with a +0 giant spiked club!!
You die...

### ... #. #.# #.
#.# #
####.####.###o#####
#.......#hO@)o.....
###.#
#.....###.####.
...# #.....###.#
#..# #...........
#..# #.....###.##
#####..###.....#
.............###
#######.#.####
#...#


You could see an ogre, a howler monkey (catching breath) and 2 orcs.

Vanquished Creatures
  Sigmund (D:2)
  2 orc priests (D:4)
  2 orc wizards (D:4)
  Robin (D:2)
  An adder (D:2)
  2 oozes (D:3)
  2 worms
  A dart slug (D:3)
  2 leopard geckos (D:2)
  3 orcs (D:4)
  5 giant cockroaches
  15 goblins
  9 hobgoblins
  19 jackals
  9 bats
  6 frilled lizards
  3 kobolds
  5 rats
88 creatures vanquished.

Notes
Turn   | Place    | Note
-------+----------+-------------------------------------------
     0 | D:1      | eagelman13508 the Troll Berserker began the quest for the
                  | Orb.
     0 | D:1      | Reached XP level 1. HP: 22/22 MP: 0/0
    86 | D:1      | Reached skill level 3 in Maces & Flails
   210 | D:1      | Reached XP level 2. HP: 27/29 MP: 1/1
   559 | D:2      | Identified the +0 helmet "Worer Tanai" {Regen+ Str+5 Int-3
                  | Dex+4}
   559 | D:2      | Noticed Robin
   561 | D:2      | Reached ** piety under Trog
   569 | D:2      | Reached XP level 3. HP: 22/31 MP: 2/2
   580 | D:2      | Reached skill level 4 in Maces & Flails
   589 | D:2      | Killed Robin
   860 | D:2      | Reached XP level 4. HP: 42/42 MP: 3/3
  1455 | D:2      | Noticed Sigmund
  1468 | D:2      | Killed Sigmund
  1469 | D:2      | Reached skill level 6 in Maces & Flails
  1469 | D:2      | Reached XP level 5. HP: 50/50 MP: 4/4
  1472 | D:2      | Reached *** piety under Trog
  1723 | D:3      | Reached XP level 6. HP: 59/59 MP: 5/5
  2452 | D:4      | Slain by an ogre

Illustrated notes

Levels and vault maps discovered:
D:1:      tarquinn_simple_flora_water_a, layout_rooms
D:2:      layout_loops_corners, uniq_robin, uniq_sigmund
D:3:      layout_loops_ring
D:4:      layout_loops_ring, dancing_weapons_uskayaw, lemuel_round_altar,
          minmay_misc_feat_square

Skill      XL: |  1  2  3  4 |
---------------+-------------+-----
Maces & Flails | 3 4 6 |  6.7
Fighting       | |  2.4
Dodging        | |  2.4

Action                   |  1- 3 |  4- 6 || total
-------------------------+-------+-------++-------
Melee: Mace              |   134 |   160 ||   294
Invok: Berserk           |     1 |     2 ||     3
 Stab: Sleeping          |     1 |     1 ||     2
Armor: Animal skin       |    82 |    60 ||   142
Dodge: Dodged            |    95 |    75 ||   170
